 Dungeon Crawl Stone Soup version 0.18-a0-993-g4a3b7c7 (webtiles) character file.

37 Gruud the Chopper (level 3, 0/27 HPs)
             Began as a Demonspawn Gladiator on Jan 4, 2016.
             Succumbed to an adder's poison
             ... on level 2 of the Dungeon.
             The game lasted 00:02:46 (1529 turns).

Gruud the Chopper (Demonspawn Gladiator)            Turns: 1529, Time: 00:02:46

Health: 0/27       AC:  4    Str: 20    XL:     3   Next: 21%
Magic:  3/3        EV: 12    Int: 14    God:
Gold:   40         SH:  0    Dex: 14    Spells: 0 memorised, 2 levels left

rFire  + . .     SeeInvis .     a - +0 war axe
rCold  . . .     Gourm    .     b - +0 leather armour
rNeg   . . .     Faith    .     (no shield)
rPois  .         Spirit   .     c - +0 helmet
rElec  .         Dismiss  .     (no cloak)
rCorr  .         Reflect  .     (no gloves)
SustAt .         Harm     .     (no boots)
MR     .....                    (no amulet)
Stlth  +.........               (no ring)
                                (no ring)

@: mighty, brilliant, lethally poisoned (0 -> -6), invisible, not resistant to
hostile enchantments, very unstealthy
A: hooves 1, fire resistance 1
a: no special abilities


You were on level 2 of the Dungeon.
You were not hungry.

You visited 1 branch of the dungeon, and saw 2 of its levels.

You collected 40 gold pieces.

Inventory:

Hand Weapons
 a - a +0 war axe (weapon)
 n - a +0 dagger of speed
 q - a +1 dagger of venom
Missiles
 d - 3 throwing nets (quivered)
Armour
 b - a +0 leather armour (worn)
 c - a +0 helmet (worn)
Scrolls
 e - a scroll of fear {unknown}
 l - 2 scrolls of identify {unknown}
 m - a scroll of enchant armour {unknown}
 r - a scroll of teleportation {unknown}
Potions
 j - a potion of curing {unknown}
 k - a potion of might
 p - a potion of brilliance
 t - a potion of heal wounds {unknown}
Comestibles
 f - 4 bread rations
 g - 4 fruits
 h - 3 meat rations
 o - a beef jerky
 s - a royal jelly


   Skills:
 - Level 2.0 Fighting
 - Level 3.2 Axes
 - Level 1.7 Throwing
 - Level 2.6 Dodging
 * Level 2.0 Unarmed Combat


You had 2 spell levels left.
You didn't know any spells.

Dungeon Overview and Level Annotations

Branches:
Dungeon (2/15)

Altars:
Fedhas


Innate Abilities, Weirdness & Mutations

You have large cloven feet.
Your flesh is heat resistant.


Message History

You are more poisoned.
The adder poisons you!
You barely miss the adder. Your kick misses the adder.
The adder is heavily wounded.
* * * LOW HITPOINT WARNING * * *
You feel sick. The adder closely misses you.
Unknown command.
Drink which item? (? for menu, Esc to quit)
It was a potion of might.
You feel very mighty all of a sudden.
* * * LOW HITPOINT WARNING * * *
You feel sick. The adder barely misses you. The adder barely misses you.
Drink which item? (? for menu, Esc to quit)
It was a potion of brilliance.
You feel clever all of a sudden. The adder closely misses you.
Drink which item? (? for menu, Esc to quit)
It was a potion of invisibility.
You fade into invisibility!
You die...

#.##### #.# ####
####.#
...#####.#
#....#
##........
#.#### #.#####.#
#.# ##.#### #
#.# .....<#
###..#.########
#####.#
........@S...>..
# #
####..#...######
# .....###.# #
###. .# #####..
#. .# ......# #
.# ##.#### .#
##.... .#
.......


You could see an adder.

Vanquished Creatures
  2 adders (D:2)
  2 giant geckos
  2 goblins (D:1)
  3 hobgoblins
  2 bats (D:1)
  A giant newt (D:2)
  4 kobolds
  4 rats
20 creatures vanquished.

Notes
Turn   | Place    | Note
--------------------------------------------------------------
     0 | D:1      | Gruud the Demonspawn Gladiator began the quest for the Orb.
     0 | D:1      | Reached XP level 1. HP: 16/16 MP: 1/1
   122 | D:1      | Reached skill level 3 in Axes
   301 | D:1      | Gained mutation: You have large cloven feet. [demonic ancestry]
   301 | D:1      | Reached XP level 2. HP: 22/22 MP: 2/2
   812 | D:2      | Found a faded altar to an unknown god.
   895 | D:2      | Found a blossoming altar of Fedhas.
   917 | D:2      | Reached skill level 1 in Unarmed Combat
  1131 | D:2      | Gained mutation: Your flesh is heat resistant. [demonic ancestry]
  1131 | D:2      | Reached XP level 3. HP: 12/27 MP: 3/3
  1527 | D:2      | HP: 1/27 [poisoned by an adder]
  1529 | D:2      | Succumbed to an adder's poison

Vault maps used:
D:1:      saegor_arrival_simple_d
D:2:      ecumenical_altar_2, fedhas_altar_1

Action                   || total
-------------------------++-------
Melee: War axe           ||    52
  Use: Potion            ||     3
  Eat: Chunk             ||     2
